Map: Odyssee LE

Players

Panda - Winner!

  • Race: Zerg Zerg
  • League: Diamond
  • Spawn Location: 11:00

FiRePlaY

  • Race: Terran Terran
  • League: Diamond
  • Spawn Location: 5:00

VOD

Have the link to the VOD?

Description

Time

  • Played on: Sept. 7, 2017, 9:34 a.m.
  • Length: 2:26
Show
View Real Time Build Order
Export as new Build Order

Panda Zerg - Winner!

Build Orders: Pool Only 

Get SALT Encoding   

  12  0:19  Spawning Pool  
  11  0:22  Drone  
  11  0:26  Drone  
  13  0:31  Drone  
  13  0:33  Extractor  
  13  0:38  Drone  
  14  0:47  Overlord  
  14  1:08  Extractor  
  14  1:09  Roach Warren  
  12  1:14  Zergling x4  
  14  1:21  Drone  
  15  1:33  Zergling x2  
  16  1:49  Roach x2  
  20  1:59  Roach  
Show
View Real Time Build Order
Export as new Build Order

FiRePlaY Terran 

Build Orders: Reaper Expand 

Get SALT Encoding   

  12  0:02  SCV  
  13  0:14  SCV  
  13  0:18  Supply Depot  
  14  0:27  SCV, Refinery  
  15  0:40  SCV  
  16  0:45  Barracks  
  16  0:52  SCV  
  17  1:04  SCV  
  18  1:16  SCV  
  19  1:32  Orbital Command  
  19  1:33  Reaper  
  20  1:44  Command Center  
  20  1:57  SCV  
  20  1:58  Supply Depot  
  21  2:05  Factory  
  21  2:07  Barracks Reactor  
Tags
 
Add a new tag
Caveats
  • Supply blocks, unpowered buildings, or Contaminate may cause inaccurate times.
  • Supply counts are checked every 10 seconds.